 Dungeon Crawl Stone Soup version 0.31-a0-996-g3b49de5836 (webtiles) character file.

Game seed: 12936193153033633325

57 Nedwor the Chopper (level 3, -1/28 HPs)
             Began as a Demonspawn Gladiator on Nov 7, 2023.
             Slain by a hobgoblin (2 damage)
             ... on level 2 of the Dungeon.
             The game lasted 00:01:14 (1041 turns).

Nedwor the Chopper (Demonspawn Gladiator)           Turns: 1041, Time: 00:01:14

Health: -1/28      AC:  4    Str: 16    XL:     3   Next: 73%
Magic:  3/3        EV: 12    Int:  9    God:
Gold:   35         SH:  4    Dex: 14    Spells: 2/2 levels left

rFire   . . .        k - staff of earth
rCold   . . .        (no shield)
rNeg    . . .        b - +0 leather armour
rPois   .            c - +0 helmet
rElec   .            (no cloak)
rCorr   .            (no gloves)
SInv    .            (no boots)
Will    .....        (no amulet)
Stlth   +            (no ring)
HPRegen 0.24/turn    (no ring)
MPRegen 0.08/turn

%: no passive effects
@: no status effects
A: condensation shield
a: no special abilities


You were on level 2 of the Dungeon.
You visited 1 branch of the dungeon, and saw 2 of its levels.

You collected 35 gold pieces.

Inventory:

Hand Weapons
 a - a +0 war axe
Missiles
 d - 3 throwing nets (quivered)
 e - a javelin
Armour
 b - a +0 leather armour (worn)
 c - a +0 helmet (worn)
Magical Staves
 k - a staff of earth (weapon)
Scrolls
 f - a scroll of identify {unknown}
 g - a scroll of vulnerability {unknown}
 h - a scroll of teleportation {unknown}
 j - a scroll of amnesia {unknown}
Potions
 i - a potion of resistance {unknown}


   Skills:
 + Level 2.6 Fighting
 * Level 3.5 Axes
 - Level 1.7 Throwing
 + Level 3.1 Dodging
 + Level 0.1 Earth Magic
 + Level 0.2 Evocations


You had 2 spell levels left.
You didn't know any spells.
Your spell library contained the following spells:

 Spells                   Type           Power      Damage    Failure   Level
 Poisonous Vapours        Pois/Air       0%         N/A       58%         2
 Wereblood                Tmut           0%         N/A       58%         2
 Mephitic Cloud           Conj/Pois/Air  0%         N/A       83%         3
 Freezing Cloud           Conj/Ice/Air   0%         6-21      100%        5
 Irradiate                Conj/Tmut      0%         3d11      100%        5


Dungeon Overview and Level Annotations

Branches:
Dungeon (2/15)

Altars:
Trog


Innate Abilities, Weirdness & Mutations

A meltable shield of frost defends you. (SH +4)


Message History

* * * LOW HITPOINT WARNING * * *
The adder closely misses you.
You hit the adder but do no damage.
The adder is almost dead.
The adder completely misses you.
You closely miss the adder.
The adder is almost dead.
The adder misses you. The adder closely misses you.
You barely miss the adder.
The adder is almost dead.
The adder closely misses you.
You miss the adder.
The adder is almost dead.
The adder bites you.
* * * LOW HITPOINT WARNING * * *
You block the adder's attack.
You barely miss the adder.
The adder is almost dead.
The adder bites you but does no damage. x2
You hit the adder but do no damage.
The adder is almost dead.
The adder bites you.
* * * LOW HITPOINT WARNING * * *
You are poisoned.
The adder poisons you!
You hit the adder.
The adder is almost dead.
* * * LOW HITPOINT WARNING * * *
You feel sick. The adder bites you but does no damage.
You block the adder's attack.
You hit the adder.
You kill the adder!
* * * LOW HITPOINT WARNING * * *
You feel sick.
You hit the hobgoblin but do no damage.
* * * LOW HITPOINT WARNING * * *
You feel sick.
You are no longer poisoned.
The hobgoblin hits you.
You die...

#.. ... ... #.#
.######.#
........#####.#
#.....<...
#########.#####.#
#.....@g..# ##
#.#########
>####### #.#
.......# #.#
.#####.# #.# .# #.#
#.# .#
#.####.#######
.#####.............
........###########


You could see a hobgoblin.

Vanquished Creatures
  2 adders (D:2)
  2 dart slugs
  2 bats (D:2)
  3 endoplasms (D:1)
  A giant cockroach (D:1)
  2 goblins (D:1)
  4 hobgoblins
  2 quokkas (D:2)
  7 ball pythons
  2 frilled lizards
  3 kobolds
  4 rats
34 creatures vanquished.

Notes
Turn   | Place    | Note
-------+----------+-------------------------------------------
     0 | D:1      | Nedwor the Demonspawn Gladiator began the quest for the
                  | Orb.
     0 | D:1      | Reached XP level 1. HP: 16/16 MP: 1/1
   103 | D:1      | Gained mutation: A meltable shield of frost defends you.
                  | (SH +4) [demonic ancestry]
   103 | D:1      | Reached XP level 2. HP: 17/22 MP: 2/2
   607 | D:2      | Reached XP level 3. HP: 16/28 MP: 3/3
   848 | D:2      | Found a bloodstained altar of Trog.
  1040 | D:2      | HP: 1/28 [poisoned by an adder]
  1041 | D:2      | Slain by a hobgoblin

Illustrated notes

Levels and vault maps discovered:
D:1:      sevenhm_arrival_forest_fort_large_2, layout_rooms
D:2:      minmay_general_purpose_star, layout_loops_ring, serial_shops,
          nicolae_shop_waterfront, basic_altar, grunt_ministairs_7

Skill      XL: |  1  2 |
---------------+-------+-----
Axes           | 3 |  3.5
Dodging        | 3 |  3.1
Fighting       | |  2.6
Throwing       | |  1.7
Earth Magic    | |  0.1
Evocations     | |  0.2

Action                     || total
---------------------------++-------
  Melee: War axe           ||    76
         Staff             ||    22
 Armour: Leather armour    ||    60
  Dodge: Dodged            ||    68
  Block: Other             ||    19

Table legend: (Time is in decaauts)
 A = Elapsed time spent in this place.
 B = Non-inter-level travel time spent in this place.
 C = Inter-level travel time spent in this place.
 D = Time resting spent in this place.
 E = Time spent auto-exploring this place.
 F = Levels seen in this place.
 G = Mean time per level.
                   A        B        C        D        E       F      G
               +--------+--------+--------+--------+--------+-----+--------+
         Total |   1069 |   1027 |     42 |    171 |    620 |   2 |  534.5 |
       Dungeon |   1069 |   1027 |     42 |    171 |    620 |   2 |  534.5 |
               +--------+--------+--------+--------+--------+-----+--------+

Top non-repeatable levels by time:
     D:2: 547 daAuts
     D:1: 522 daAuts
